 Dungeon Crawl Stone Soup version 0.29-a0-97-g88c9fad16d (webtiles) character file.

Game seed: 15925861383339713737

957 mathmaestro the Ruffian (level 7, -1/65 (74) HPs)
             Began as a Troll Monk on Feb 13, 2022.
             Slain by a wight (3 damage)
             ... on level 6 of the Dungeon.
             The game lasted 00:06:27 (4377 turns).

mathmaestro the Ruffian (Troll Monk)                Turns: 4377, Time: 00:06:28

HP:   -1/65 (74)    AC:  4    Str: 22    XL:     7   Next: 91%
MP:   6/6           EV: 10    Int:  6    God:
Gold: 382           SH:  0    Dex: 12    Spells: 6/6 levels left

rFire   . . .      SeeInvis .     - Unarmed
rCold   . . .      Faith    .   (no shield)
rNeg    . . .      Spirit   .   a - +0 robe
rPois   +          Reflect  .   (helmet restricted)
rElec   .          Harm     .   (no cloak)
rCorr   .          Rampage  .   (gloves unavailable)
Will    .....                   (boots unavailable)
Stlth   ++........              (no amulet)
HPRegen 1.00/turn               d - +4 ring of slaying
MPRegen 0.10/turn               s - ring of poison resistance

@: heavily drained
A: large, unfitting armour, claws 3, regeneration 1, shaggy fur 1, tough skin 1
a: no special abilities


You were on level 6 of the Dungeon.
You visited 2 branches of the dungeon, and saw 8 of its levels.

You collected 382 gold pieces.

Inventory:

Hand Weapons
 e - a +0 long sword
Missiles
 f - 159 stones (quivered)
 g - 2 datura-tipped darts
 i - 54 bolts
 l - 13 poisoned darts
 n - 57 arrows
 x - 34 sling bullets
 D - 2 javelins
Armour
 a - a +0 robe (worn)
Jewellery
 d - a +4 ring of slaying (left claw)
 s - a ring of poison resistance (right claw)
Wands
 p - a wand of acid (3)
Scrolls
 b - a scroll of enchant armour {unknown}
 j - 3 scrolls of fear {unknown}
 k - 8 scrolls of identify {unknown}
 m - 3 scrolls of magic mapping {unknown}
 w - a scroll of holy word {unknown}
 y - a scroll of brand weapon {unknown}
 A - 2 scrolls of teleportation {unknown}
 B - a scroll of fog {unknown}
 C - a scroll of summoning {unknown}
Potions
 c - 4 potions of curing
 h - 4 potions of attraction {unknown}
 o - a potion of haste {unknown}
 q - 2 potions of lignification {unknown}
 r - a potion of degeneration {unknown}
 t - a potion of ambrosia {unknown}
 u - a potion of cancellation {unknown}
 v - 4 potions of heal wounds {unknown}
 z - a potion of resistance {unknown}


   Skills:
 + Level 5.7 Fighting
 - Level 3.0 Dodging
 - Level 1.0 Stealth
 + Level 7.0 Unarmed Combat


You had 6 spell levels left.
You didn't know any spells.
Your spell library contained the following spells:

 Spells                   Type           Power      Damage    Failure   Level
 Call Canine Familiar     Summ           0%         N/A       83%         3
 Portal Projectile        Hex/Tloc       0%         N/A       83%         3
 Leda's Liquefaction      Hex/Erth       0%         N/A       99%         4


Dungeon Overview and Level Annotations

Branches:
Dungeon (7/15)             Temple (1/1) D:4

Altars:
Cheibriados
Dithmenos
Elyvilon
Fedhas
Gozag
Kikubaaqudgha
Makhleb
Nemelex Xobeh
Okawaru
Qazlal
Ru
Sif Muna
Trog
Uskayaw
Vehumet
Wu Jian
Xom
Yredelemnul
Zin


Innate Abilities, Weirdness & Mutations

You are too large for most types of armour.
You have claws for hands.
Your natural rate of healing is unusually fast.
You are covered in fur. (AC +1)
You have tough skin. (AC +1)


Message History

The wight hits you with a +5 halberd!
You mangle the wight!!
You destroy the wight!
Your Unarmed Combat skill increases to level 7!
Things that are here:
a +5 halberd; a +0 robe; a scroll labelled FIULEWNISOKH You scratch the wight but do no damage.
Your claw misses the wight. The wight hits you with a +5 hand axe!
You closely miss the wight.
The wight hits you from afar with a +0 spear.
You feel drained.
You barely miss the wight. The wight hits you with a +5 hand axe!
You feel drained.
The wight hits you from afar with a +0 spear.
You feel drained.
You closely miss the wight. The wight hits you with a +5 hand axe!
You feel drained.
* * * LOW HITPOINT WARNING * * *
The wight closely misses you. The wight hits you with a +5 hand axe!
* * * LOW HITPOINT WARNING * * *
There is a stone staircase leading up here.
The wight hits you from afar with a +0 spear.
* * * LOW HITPOINT WARNING * * *
You climb upwards.
There is a stone staircase leading down here.
You claw the wight!
The wight is almost destroyed.
There is a stone staircase leading up here.
You barely miss the wight.
The wight is almost destroyed.
The wight hits you with a +5 hand axe!
* * * LOW HITPOINT WARNING * * *
You feel drained.
* * * LOW HITPOINT WARNING * * *
It was a potion of curing.
You feel better. The wight hits you with a +5 hand axe.
* * * LOW HITPOINT WARNING * * *
You feel drained.
You die...

#§§☼# #.......# #.. #☼§○#
#......## #### ##.# #.§§#
#.^....# ##..### ##..#
#...#####.....## ##.....##
#..## ......§☼.....##
##.......###.##
......°§.....#####........##..#
......☼§..........>.......#..##
#...#####..######z..........##
#○○§# #=## ##@...........#
#§§§# #.# ##...........#.##
#○§☼# #.# #............#..##
#...#####.# #............##..#
##.......## #...........######
######### ##.........##
##.......## ####.#### ##


You could see a wight.

Vanquished Creatures
  Grinder (D:5)
  A black bear (D:6)
  2 scorpions
  A water moccasin zombie (D:6)
  A water moccasin skeleton (D:3)
  A wight (D:7)
  A bullfrog zombie (D:6)
  2 centaur skeletons (D:7)
  A bullfrog skeleton (D:5)
  Terence (D:3)
  An iguana (D:4)
  2 orc wizards (D:4)
  2 killer bee zombies
  A hound skeleton (D:4)
  5 adders
  2 white imps
  An ufetubus (D:5)
  2 adder skeletons
  3 dart slugs
  6 orcs
  4 ball pythons
  9 endoplasms
  2 giant cockroaches
  4 goblins
  2 hobgoblins
  10 kobolds
  2 quokkas
  8 bats
  2 frilled lizards (D:2)
  4 rats
84 creatures vanquished.

Vanquished Creatures (others)
  13 plants
13 creatures vanquished.

Grand Total: 97 creatures vanquished

Notes
Turn   | Place    | Note
-------+----------+-------------------------------------------
     0 | D:1      | mathmaestro the Troll Monk began the quest for the Orb.
     0 | D:1      | Reached XP level 1. HP: 22/22 MP: 0/0
    32 | D:1      | Found a faded altar of an unknown god.
   199 | D:1      | Reached XP level 2. HP: 18/29 MP: 1/1
   674 | D:2      | Reached XP level 3. HP: 33/36 MP: 2/2
  1415 | D:3      | Noticed Terence
  1427 | D:3      | Killed Terence
  1428 | D:3      | Reached skill level 4 in Unarmed Combat
  1428 | D:3      | Reached XP level 4. HP: 35/45 MP: 3/3
  1827 | D:3      | Reached XP level 5. HP: 53/53 MP: 4/4
  2155 | D:4      | Reached skill level 5 in Unarmed Combat
  2155 | D:4      | Reached XP level 6. HP: 62/62 MP: 5/5
  2305 | D:4      | Found a staircase to the Ecumenical Temple.
  2317 | Temple   | Entered the Ecumenical Temple
  2634 | D:5      | Entered Level 5 of the Dungeon
  2837 | D:5      | Noticed Grinder
  2857 | D:5      | Paralysed by Grinder for 4 turns
  2870 | D:5      | Killed Grinder
  2871 | D:5      | Reached XP level 7. HP: 52/71 MP: 6/6
  3107 | D:5      | Reached skill level 5 in Fighting
  3107 | D:5      | Reached skill level 6 in Unarmed Combat
  3628 | D:6      | Found a blossoming altar of Fedhas.
  4363 | D:7      | Reached skill level 7 in Unarmed Combat
  4376 | D:6      | HP: 3/68 [wight (11)]
  4376 | D:6      | HP: 1/66 [wight (2)]
  4377 | D:6      | Slain by a wight

Illustrated notes

Levels and vault maps discovered:
D:1:      nzn_arrival_depleted_hourglass, layout_rooms,
          hellmonk_ecumenical_altar_zigzags, minmay_misc_feat_x
D:2:      layout_basic, serial_aquarium, aquarium_bridge_straight
          [aquarium_subvault_bridge, aquarium_subvault_window,
          aquarium_subvault_bridge, aquarium_subvault_wall],
          aquarium_bridge_square [aquarium_subvault_bridge,
          aquarium_subvault_window, aquarium_subvault_wall,
          aquarium_subvault_bridge], aquarium_window_2, aquarium_window_3,
          aquarium_view_2a, aquarium_balcony_double_2
D:3:      layout_loops_ring, serial_undead, serial_undead_d, serial_undead_f,
          serial_undead_b, serial_undead_e, serial_undead_f, serial_undead_b,
          uniq_terence
D:4:      layout_basic, minmay_temple_entry_enclosed_plants,
          minmay_misc_feat_square
D:5:      layout_basic, kennysheep_another_room, uniq_grinder
D:6:      layout_cave_pods, mainiacjoe_overflow_boulevard, lemuel_flame_loot_1
D:7:      cheibrodos_barr_body, layout_gridville, mainiacjoe_overflow_brackets,
          lightli_orcish_oven
Temple:   hc_temple_tempest_star

Skill      XL: |  1  2  3  4  5  6  7 |
---------------+----------------------+-----
Dodging        | 3 |  3.0
Fighting       | 3 4 5 |  5.7
Unarmed Combat | 4 5 7 |  7.0
Stealth        | |  1.0

Action                   |  1- 3 |  4- 6 |  7- 9 || total
-------------------------+-------+-------+-------++-------
Melee: Unarmed           |    94 |    72 |    54 ||   220
       Punch             |       |     3 |     1 ||     4
Evoke: Wand              |       |     2 |       ||     2
  Use: Potion            |       |       |     1 ||     1
 Stab: Sleeping          |     2 |     2 |       ||     4
Armor: Robe              |    24 |     9 |    14 ||    47
Dodge: Dodged            |    45 |    26 |    32 ||   103

Table legend: (Time is in decaauts)
 A = Elapsed time spent in this place.
 B = Non-inter-level travel time spent in this place.
 C = Inter-level travel time spent in this place.
 D = Time resting spent in this place.
 E = Time spent auto-exploring this place.
 F = Levels seen in this place.
 G = Mean time per level.
                   A        B        C        D        E       F      G
               +--------+--------+--------+--------+--------+-----+--------+
         Total |   4387 |   4246 |    141 |    147 |   3402 |   8 |  548.4 |
       Dungeon |   4201 |   4079 |    122 |    147 |   3251 |   7 |  600.1 |
        Temple |    186 |    167 |     19 |      0 |    151 |   1 |  186.0 |
               +--------+--------+--------+--------+--------+-----+--------+

Top non-repeatable levels by time:
     D:6: 937 daAuts
     D:2: 755 daAuts
     D:1: 629 daAuts
     D:5: 603 daAuts
     D:3: 545 daAuts
     D:4: 535 daAuts
     D:7: 194 daAuts
  Temple: 186 daAuts
